 Dungeon Sprint DCSS version 0.27.1-1-g398f81649c (webtiles) character file.

Game seed: 3171746297465615092

67 ugugthedestroyer the Skirmisher (level 4, -2/53 HPs)
             Began as an Ogre Berserker on Sept 7, 2021.
             Was a Priest of Trog.
             Slain by an ogre (24 damage)
             ... in the Dungeon (Sprint IX: "|||||||||||||||||||||||||||||").
             The game lasted 00:01:12 (204 turns).

ugugthedestroyer the Skirmisher (Ogre Berserker)     Turns: 204, Time: 00:01:13

Health: -2/53      AC:  3    Str: 22    XL:     4   Next: 18%
Magic:  4/4        EV: 10    Int:  8    God:    Trog [***...]
Gold:   0          SH:  0    Dex:  8    Spells: 3/3 levels left

rFire    . . .     SeeInvis .   a - +0 spear
rCold    . . .     Faith    .   (no shield)
rNeg     . . .     Spirit   .   b - +0 animal skin
rPois    .         Reflect  .   (helmet restricted)
rElec    .         Harm     .   (no cloak)
rCorr    .         Rampage  .   (gloves unavailable)
Will     ++...     NoTele   +   (boots unavailable)
Stlth    +.........             (no amulet)
HPRegen  1.17/turn              (no ring)
MPRegen  0.09/turn              (no ring)

@: strong-willed, on berserk cooldown, regenerating
A: large, unfitting armour, tough skin 1
a: Renounce Religion, Berserk, Trog's Hand


You were in the Dungeon.
You worshipped Trog.
Trog was most pleased with you.
You visited 1 branch

Inventory:

Hand Weapons
 a - a +0 spear (weapon)
Armour
 b - a +0 animal skin (worn)
Scrolls
 h - a scroll of blinking
Potions
 f - 2 potions of magic
 g - a potion of berserk rage


   Skills:
 + Level 6.7 Fighting
 + Level 5.3 Polearms
 + Level 5.1 Dodging


You had 3 spell levels left.
You didn't know any spells.
Your spell library was empty.

Dungeon Overview and Level Annotations

Branches:
Dungeon (1/1)

Altars:


Innate Abilities, Weirdness & Mutations

You are too large for most types of armour.
You have tough skin. (AC +1)


Message History

* * * LOW HITPOINT WARNING * * *
You feel much better. The gnoll hits you with a +0 club.
Okay, then.
Okay, then.
You hit the gnoll.
The gnoll is almost dead.
The gnoll hits you with a +0 club.
You hit the gnoll.
The gnoll is almost dead.
The gnoll hits you with a +0 club.
You barely miss the gnoll.
The gnoll is almost dead.
The gnoll hits you but does no damage.
You hit the gnoll.
You kill the gnoll!
Trog accepts your kill.
You hit the ogre.
The ogre is lightly wounded.
The ogre hits you with a +0 giant club!!
Ouch! That really hurt!
* * * LOW HITPOINT WARNING * * *
Okay, then.
There is an open door, spattered with blood here.
Things that are here:
a +0 club; a goblin corpse Your extra speed is starting to run out.
There is an open door to the Dungeon here.
Items here: ( )) †.
Okay, then.
Okay, then.
Your skin crawls.
You feel strong-willed.
You feel yourself speed up. The ogre closely misses you.
Okay, then.
You feel better.
You hit the ogre.
The ogre is moderately wounded.
You feel yourself slow down.
The ogre hits you with a +0 giant club!!
You die...

▓▓▓
▓<▓
▓.▓
▓@▓
▓O▓
▓)▓
▓)▓
▓.▓
▓.▓
▓.▓
▓.▓
▓'▓


You could see an ogre.

Vanquished Creatures
  A howler monkey (D)
  A gnoll (D)
  An adder (D)
  An orc (D)
  A goblin (D)
  2 kobolds (D)
  A frilled lizard (D)
  A rat (D)
9 creatures vanquished.

Notes
Turn   | Place    | Note
-------+----------+-------------------------------------------
     0 | D        | ugugthedestroyer the Ogre Berserker began the quest for the
                  | Orb.
     0 | D        | Reached XP level 1. HP: 24/24 MP: 1/1
     2 | D        | Banished a spatial maelstrom
    11 | D        | Reached ** piety under Trog
   156 | D        | Noticed a howler monkey
   156 | D        | Noticed an ogre
   176 | D        | Killed a howler monkey
   177 | D        | Reached skill level 6 in Fighting
   177 | D        | Reached skill level 5 in Polearms
   177 | D        | Reached XP level 2. HP: 20/37 MP: 2/2
   177 | D        | Reached XP level 3. HP: 25/45 MP: 3/3
   179 | D        | Reached *** piety under Trog
   183 | D        | Reached skill level 5 in Dodging
   183 | D        | Reached XP level 4. HP: 26/53 MP: 4/4
   204 | D        | Slain by an ogre

Illustrated notes

Levels and vault maps discovered:
D:        linesprint [early_d, line_temple, items_1, d_10, items_2, lair_1,
          lair_end, items_3, orc_1, orc_end, items_4, d_15, swamp_1, shoals_1,
          snake_1, spider_1, d_20, vaults_1, items_5, swamp_end, shoals_end,
          snake_end, spider_end, vaults_end, d_27, items_6, zot_1, zot_end,
          crypt_end, forest_end, elf_end, slime_end, tomb_end, abyss_end,
          pan_hell_end]

Skill      XL: |  1  2  3 |
---------------+----------+-----
Dodging        | 4 5 |  5.1
Fighting       | 6 |  6.7
Polearms       | 5 |  5.3

Action                   |  1- 3 |  4- 6 || total
-------------------------+-------+-------++-------
Melee: Spear             |    40 |     9 ||    49
Invok: Berserk           |     1 |       ||     1
       Trog's Hand       |       |     1 ||     1
  Use: Potion            |     1 |     2 ||     3
Armor: Animal skin       |     8 |     1 ||     9
Dodge: Dodged            |    14 |     2 ||    16
